 Dungeon Crawl Stone Soup version 0.30-a0-394-g3e4acdb0ae (webtiles) character file.

Game seed: 12754147106877419242

2545 cforsyth the Cleaver (level 9, -1/84 HPs)
             Began as a Hill Orc Fighter on Dec 7, 2022.
             Was a Believer of Beogh.
             Slain by a killer bee (4 damage)
             ... on level 7 of the Dungeon.
             The game lasted 00:11:34 (6623 turns).

cforsyth the Cleaver (Hill Orc Fighter)             Turns: 6623, Time: 00:11:34

Health: -1/84      AC: 14    Str: 23    XL:     9   Next: 55%
Magic:  9/9        EV:  8    Int:  8    God:    Beogh [**....]
Gold:   249        SH:  9    Dex: 10    Spells: 8/8 levels left

rFire   + + .      SeeInvis .    F - +0 broad axe
rCold   . . .      Faith    .    c - +0 buckler
rNeg    . . .      Spirit   .    p - +2 chain mail {rF+}
rPois   .          Reflect  +    (no helmet)
rElec   .          Harm     .    (no cloak)
rCorr   .          Rampage  .    (no gloves)
Will    .....                    k - +0 pair of boots
Stlth   ..........               o - amulet of reflection
HPRegen 0.34/turn                B - ring of protection from fire
MPRegen 0.11/turn                (no ring)

@: lethally poisoned (-1 -> -24)
A: no striking features
a: Renounce Religion, Smiting


You were on level 7 of the Dungeon.
You worshipped Beogh.
Beogh was pleased with you.
You visited 1 branch of the dungeon, and saw 7 of its levels.
You also visited: Ossuary.

You collected 249 gold pieces.

Inventory:

Hand Weapons
 a - a +0 war axe
 F - a +0 broad axe (weapon)
Armour
 c - a +0 buckler (worn)
 k - a +0 pair of boots (worn)
 p - a +2 chain mail of fire resistance (worn)
Jewellery
 o - an amulet of reflection (around neck)
 B - a ring of protection from fire (left hand)
 E - a +4 ring of protection
Wands
 t - a wand of mindburst (7)
 y - a wand of flame (12)
Scrolls
 b - 2 scrolls of immolation {unknown}
 e - 3 scrolls of noise {unknown}
 f - 5 scrolls of teleportation
 i - 8 scrolls of identify {unknown}
 j - a scroll of amnesia {unknown}
 n - 2 scrolls of vulnerability {unknown}
 q - 4 scrolls of poison {unknown}
 s - a scroll of butterflies {unknown}
 u - 2 scrolls of enchant armour {unknown}
 x - 2 scrolls of enchant weapon {unknown}
 C - a scroll of summoning {unknown}
Potions
 d - 3 potions of might
 g - 4 potions of degeneration {unknown}
 h - 3 potions of mutation {unknown}
 l - 3 potions of curing {unknown}
 m - 4 potions of attraction {unknown}
 r - a potion of haste {unknown}
 v - a potion of flight {unknown}
 w - 4 potions of invisibility {unknown}
 z - 5 potions of heal wounds {unknown}
 A - a potion of lignification {unknown}
 D - a potion of brilliance {unknown}


   Skills:
 + Level 9.5 Fighting
 + Level 9.9 Axes
 + Level 8.7 Armour
 - Level 3.4 Shields


You had 8 spell levels left.
You didn't know any spells.
Your spell library contained the following spells:

 Spells                   Type           Power      Damage    Failure   Level
 Apportation              Tloc           0%         N/A       98%         1
 Ensorcelled Hibernation  Hex/Ice        0%         N/A       99%         2
 Static Discharge         Conj/Air       0%         2-2/arc   99%         2
 Spider Form              Tmut/Pois      0%         N/A       100%        3
 Vhi's Electric Charge    Tloc/Air       0%         N/A       100%        3
 Anguish                  Hex/Necr       0%         N/A       100%        4
 Alistair's Intoxication  Tmut/Pois      0%         N/A       100%        5
 Arcjolt                  Conj/Air       0%         1d10      100%        5
 Lightning Bolt           Conj/Air       0%         1d11      100%        5
 Enfeeble                 Hex            0%         N/A       100%        7


Dungeon Overview and Level Annotations

Branches:
Dungeon (7/15)            Ossuary (visited)
 Temple: D:4-7

Altars:
Ashenzari
Cheibriados
Elyvilon
Hepliaklqana
Xom
The Shining One

Shops:
D:3 *


Message History

You feel very sick. You block the killer bee's attack.
The killer bee stings you.
The killer bee stings you but does no damage.
You block the killer bee's attack.
You closely miss the killer bee. You hit the killer bee.
You feel very sick.
The killer bee stings you but does no damage.
You block the killer bee's attack.
The killer bee stings you but does no damage. x2
You hit the killer bee.
The killer bee is lightly wounded.
You closely miss the killer bee.
You feel sick. The killer bee stings you.
You are more poisoned.
The killer bee poisons you!
The killer bee stings you but does no damage.
You block the killer bee's attack. x2
The killer bee stings you but does no damage.
The killer bee stings you.
You miss the killer bee.
The killer bee is lightly wounded.
You hit the killer bee.
You feel very sick.
You block the killer bee's attack. x2; The killer bee stings you.
* * * LOW HITPOINT WARNING * * *
You are more poisoned.
The killer bee poisons you! The killer bee stings you.
* * * LOW HITPOINT WARNING * * *
You are more poisoned.
The killer bee poisons you!
You miss the killer bee.
The killer bee is lightly wounded.
You miss the killer bee.
* * * LOW HITPOINT WARNING * * *
You feel extremely sick. The killer bee stings you.
* * * LOW HITPOINT WARNING * * *
The killer bee stings you.
* * * LOW HITPOINT WARNING * * *
You block the killer bee's attack. The killer bee stings you.
You die...

.... ##...# #..#...##
#.....[######..
#..............
#...###........# #...#
#.###....# ...#
##..##....# ##
###y........# ... #.
#.@#........ ..... #.#
##†y........
.....##.###.#.........
###.....................
#.#.#.......#...........~♣
............#.........~♣~♣
##...................~~♣~♣
.#.......#.........~~~~~
.....##...........♣♣~~P~


You could see 2 killer bees.

Vanquished Creatures
  A wraith (Ossuary)
  Menkaure (D:5)
  2 black bears
  An ice beast (D:3)
  An elf zombie (D:4)
  3 bullfrogs (D:7)
  An elf skeleton (D:4)
  3 scorpions
  A necrophage (D:4)
  2 killer bees (D:7)
  2 electric eels (D:7)
  7 hounds
  3 human zombies (D:4)
  4 orc priests
  4 jellies
  A gnoll bouda (D:6)
  Terence (D:3)
  2 human skeletons (D:4)
  5 iguanas
  4 orc wizards
  A mummy (Ossuary)
  10 adders
  16 gnolls
  2 shadow imps
  2 white imps (D:5)
  An ufetubus (D:6)
  5 worms
  4 dart slugs
  12 orcs
  8 ball pythons
  5 endoplasms
  3 giant cockroaches (D:1)
  9 goblins
  6 hobgoblins
  2 jackals (D:1)
  7 kobolds
  7 quokkas
  8 bats
  3 frilled lizards
  4 gnoll skeletons (Ossuary)
  3 kobold skeletons (Ossuary)
  21 orc skeletons
  An orc zombie (D:4)
  8 rats
197 creatures vanquished.

Vanquished Creatures (others)
  An orc priest (D:4)
  An orc (D:4)
2 creatures vanquished.

Grand Total: 199 creatures vanquished

Notes
Turn   | Place    | Note
-------+----------+-------------------------------------------
     0 | D:1      | cforsyth the Hill Orc Fighter began the quest for the Orb.
     0 | D:1      | Reached XP level 1. HP: 19/19 MP: 1/1
    56 | D:1      | Reached XP level 2. HP: 27/27 MP: 2/2
    61 | D:1      | Found a faded altar of an unknown god.
   458 | D:1      | Reached XP level 3. HP: 33/33 MP: 3/3
   984 | D:2      | Reached XP level 4. HP: 13/41 MP: 4/4
  1147 | D:2      | Found a glowing golden altar of the Shining One.
  1975 | D:3      | Noticed an ice beast
  1989 | D:3      | Killed an ice beast
  1990 | D:3      | Reached skill level 5 in Fighting
  1990 | D:3      | Reached XP level 5. HP: 22/48 MP: 5/5
  2103 | D:3      | Identified the +3 robe of Bedevilment {Fly SInv}
  2325 | D:3      | Found Fijuqo's General Store.
  2510 | D:3      | Noticed Terence
  2518 | D:3      | Killed Terence
  2519 | D:3      | Reached skill level 5 in Axes
  2519 | D:3      | Reached XP level 6. HP: 51/56 MP: 6/6
  2670 | D:4      | Reached skill level 5 in Armour
  2790 | D:4      | Found a sand-covered staircase.
  2796 | Ossuary  | Entered an ossuary
  2796 | Ossuary  | Noticed a wraith
  2796 | Ossuary  | Noticed a wraith
  2796 | Ossuary  | Noticed a wraith
  2954 | Ossuary  | Noticed a wraith
  2974 | Ossuary  | Killed a wraith
  2975 | Ossuary  | Reached XP level 7. HP: 33/64 MP: 7/7
  3296 | D:4      | Became a worshipper of Beogh the Brigand
  3305 | D:4      | Reached XP level 8. HP: 73/73 MP: 8/8
  3552 | D:4      | Identified the +1 robe of the Pink Corner {Will+++ Int+3
                  | Dex-2}
  3903 | D:4      | Found a shimmering altar of Xom.
  3985 | D:5      | Entered Level 5 of the Dungeon
  3985 | D:5      | Found a hazy altar of Hepliaklqana.
  4071 | D:5      | Noticed Menkaure
  4384 | D:5      | Killed Menkaure
  4752 | D:5      | Reached * piety under Beogh
  4983 | D:5      | Reached XP level 9. HP: 80/81 MP: 9/9
  5230 | D:5      | Found a white marble altar of Elyvilon.
  5804 | D:6      | Found a broken altar of Ashenzari.
  5864 | D:6      | Reached ** piety under Beogh
  6351 | D:7      | Found a snail-covered altar of Cheibriados.
  6623 | D:7      | HP: 4/84 [killer bee (5)]
  6623 | D:7      | Slain by a killer bee

Illustrated notes

Levels and vault maps discovered:
D:1:      scummos_arrival_simple_fountains, layout_loops_corners,
          nicolae_ecumenical_snake_handling
D:2:      layout_basic, basic_altar, minmay_distorted
D:3:      layout_basic, serial_shops, shop, uniq_terence
D:4:      layout_cave_pools, mainiacjoe_overflow_24_doors,
          nicolae_ossuary_entry_catacombs
D:5:      layout_basic, elyvilon_altar_3, mainiacjoe_overflow_small_starburst,
          minmay_checkerbox, uniq_menkaure
D:6:      layout_loops_ring, cheibrodos_ashenzari_chains, kennysheep_donut
D:7:      layout_layer_cave, kennysheep_slug_shrine,
          chequers_temple_overflow_minitemple,
          minmay_temple_entry_statues_fountains, serial_bayou_lake_a

Skill      XL: |  1  2  3  4  5  6  7  8  9 |
---------------+----------------------------+-----
Axes           | 3 4 5 6 7 8 9 |  9.9
Fighting       | 4 5 6 7 8 9 |  9.5
Armour         | 4 5 6 7 8 |  8.7
Shields        | |  3.4

Action                   |  1- 3 |  4- 6 |  7- 9 || total
-------------------------+-------+-------+-------++-------
Melee: War axe           |    86 |   198 |   373 ||   657
       Broad axe         |       |       |    37 ||    37
Invok: Convert to Beogh  |       |       |     1 ||     1
  Use: Scroll            |       |       |     1 ||     1
Armor: Scale mail        |    43 |    27 |       ||    70
       Chain mail        |       |    83 |   201 ||   284
Dodge: Dodged            |    48 |    53 |   112 ||   213
Block: Buckler           |    18 |    74 |   220 ||   312
       Reflection        |       |       |     2 ||     2

Table legend: (Time is in decaauts)
 A = Elapsed time spent in this place.
 B = Non-inter-level travel time spent in this place.
 C = Inter-level travel time spent in this place.
 D = Time resting spent in this place.
 E = Time spent auto-exploring this place.
 F = Levels seen in this place.
 G = Mean time per level.
                   A        B        C        D        E       F      G
               +--------+--------+--------+--------+--------+-----+--------+
         Total |   6795 |   6625 |    170 |     62 |   4856 |   8 |  849.4 |
       Dungeon |   6409 |   6239 |    170 |     62 |   4663 |   7 |  915.6 |
       Ossuary |    385 |    385 |      0 |      0 |    193 |   1 |  385.0 |
               +--------+--------+--------+--------+--------+-----+--------+

Top non-repeatable levels by time:
     D:5: 1498 daAuts
     D:3: 993 daAuts
     D:1: 942 daAuts
     D:2: 909 daAuts
     D:4: 901 daAuts
     D:6: 886 daAuts
 Ossuary: 385 daAuts
     D:7: 277 daAuts
